 Dungeon Crawl Stone Soup version 0.28-a0-863-g8cecda6153 (webtiles) character file.

Game seed: 3220894385784551809

287 demibob the Twirler (level 6, 0/42 (44) HPs)
             Began as a Demonspawn Gladiator on Nov 19, 2021.
             Slain by Crazy Yiuf (6 damage)
             ... on level 3 of the Dungeon.
             The game lasted 00:07:22 (4137 turns).

demibob the Twirler (Demonspawn Gladiator)          Turns: 4137, Time: 00:07:23

HP:   0/42 (44)     AC:  5    Str: 15    XL:     6   Next: 8%
MP:   6/6           EV: 12    Int: 16    God:
Gold: 137           SH:  0    Dex: 17    Spells: 5/5 levels left

rFire   + . .      SeeInvis .   a - +0 quarterstaff
rCold   + . .      Faith    .   (shield currently unavailable)
rNeg    . . .      Spirit   .   b - +0 leather armour
rPois   +          Reflect  .   c - +0 helmet
rElec   +          Harm     .   h - +0 cloak
rCorr   +          Rampage  .   (no gloves)
Will    .....                   (no boots)
Stlth   ++........              (no amulet)
HPRegen 0.14/turn               I - +6 ring of intelligence
MPRegen 0.10/turn               (no ring)

@: resistant, lightly drained
A: thin skeletal structure 1, ignite blood 1, fangs 1, noise suppression
a: no special abilities


You were on level 3 of the Dungeon.
You visited 1 branch of the dungeon, and saw 3 of its levels.

You collected 137 gold pieces.


Innate Abilities, Weirdness & Mutations

You have a somewhat thin skeletal structure. (Dex +2, Stealth+)
Your demonic aura sometimes causes spilled blood to erupt in flames.
You have very sharp teeth.
You passively dampen the noise of your surroundings.


   Skills:
 - Level 2.0 Fighting
 + Level 6.3 Staves
 - Level 1.7 Throwing
 - Level 2.6 Dodging


You had 5 spell levels left.
You didn't know any spells.
Your spell library contained the following spells:

 Spells                   Type           Power      Damage    Failure   Level
 Animate Skeleton         Necr           0%         N/A       30%         1
 Apportation              Tloc           0%         N/A       30%         1
 Beastly Appendage        Tmut           0%         N/A       30%         1
 Summon Small Mammal      Summ           0%         N/A       30%         1
 Passwall                 Tmut/Erth      0%         N/A       43%         2
 Wereblood                Tmut           0%         N/A       43%         2
 Frozen Ramparts          Ice            0%         1d2       67%         3
 Spider Form              Tmut/Pois      0%         N/A       67%         3
 Swiftness                Air            0%         N/A       67%         3
 Ice Form                 Ice/Tmut       0%         N/A       97%         4
 Shatter                  Erth           0%         3d5*      100%        9

Inventory:

Hand Weapons
 a - a +0 quarterstaff (weapon)
Missiles
 d - 3 throwing nets (quivered) {=f}
 j - 18 poisoned darts
Armour
 b - a +0 leather armour (worn)
 c - a +0 helmet (worn)
 h - a +0 cloak (worn)
Jewellery
 I - a +6 ring of intelligence (left hand)
Scrolls
 f - 7 scrolls of identify {@r1}
Potions
 g - 2 potions of magic

Dungeon Overview and Level Annotations

Branches:
Dungeon (3/15)

Altars:

Annotations:
D:3 Crazy Yiuf

##.#......# ♣....♣
####......# ♣♣...♣
..##....(.# ♣♣.♣♣
...##.....# ♣♣.♣
....#.....# ♣.♣♣
÷...###.### ♣♣.♣
....#.....# ♣.♣♣
...##.....# ▒▒g▒▒
..###.....# ▒..@▒
'##.......# ▒...▒
#########
....#.....# ▒)..▒
####.......#
....#.....# ▒▒▒▒▒
#.##.#####.#
....#.....#
#.##.#####.##
'#####...##
#######....##.>....
..## #...#
#.##..........##.##
...###...#
#.##..#.##.#####.##
....##.))#
#.##.....#.......##


You could see Crazy Yiuf.


Message History

You see here a +0 club.
Press: ? - help, v - describe, . - travel, g - get item
Here: Crazy Yiuf, wielding a +4 quarterstaff of chaos and wearing a +2 cloak of stealth (wandering, hasn't noticed you, fire blocked by a runed translucent door) Item here: a mace.
The floor.
Unknown command.
Unknown command.
You open the door.
There is an open translucent door here.
You closely miss Crazy Yiuf.
Crazy Yiuf shouts!
Crazy Yiuf hits you with a +4 quarterstaff of chaos!
You hit Crazy Yiuf but do no damage.
Crazy Yiuf hits you with a +4 quarterstaff of chaos!
* * * LOW HITPOINT WARNING * * *
Crazy Yiuf freezes you.
* * * LOW HITPOINT WARNING * * *
You are too injured to fight recklessly!
You are too injured to fight recklessly!
It was a potion of resistance.
You feel protected.
As you read the scroll labelled DIUBLEA ERADGHOATT, it crumbles to dust.
It is a scroll of amnesia.
You feel forgetful for a moment. Crazy Yiuf barely misses you.
You sock Crazy Yiuf! Your bite misses Crazy Yiuf.
Crazy Yiuf is heavily wounded.
Crazy Yiuf hits you with a +4 quarterstaff of chaos!
* * * LOW HITPOINT WARNING * * *
You feel drained.
You die...

Skill      XL: |  1  2  3  4  5 |
---------------+----------------+-----
Staves         | 3 4 5 6 |  6.3
Fighting       | |  2.0
Throwing       | |  1.7
Dodging        | |  2.6

Action                   |  1- 3 |  4- 6 || total
-------------------------+-------+-------++-------
Melee: Quarterstaff      |    90 |   150 ||   240
       Bite              |       |    10 ||    10
  Use: Potion            |     1 |     4 ||     5
       Scroll            |       |     5 ||     5
 Stab: Sleeping          |     7 |     8 ||    15
Armor: Leather armour    |    36 |    43 ||    79
       Skin              |       |    15 ||    15
Dodge: Dodged            |    67 |    89 ||   156

Levels and vault maps discovered:
D:1:      matt_arrival_los_fun, layout_loops_ring, serial_bayou,
          serial_bayou_shore_b, serial_bayou_pond_d, serial_bayou_shore_a,
          serial_bayou_pond_c, minmay_misc_feat_chi, minmay_quantized
D:2:      layout_loops_cross, basic_ecumenical_altar, minivault_26, uniq_robin,
          uniq_jessica
D:3:      kennysheep_six_static_rooms, layout_loops_cross,
          hangedman_decor_points, uniq_crazy_yiuf_cottage

Notes
Turn   | Place    | Note
-------+----------+-------------------------------------------
     0 | D:1      | demibob the Demonspawn Gladiator began the quest for the
                  | Orb.
     0 | D:1      | Reached XP level 1. HP: 16/16 MP: 1/1
   202 | D:1      | Reached skill level 3 in Staves
   247 | D:1      | Gained mutation: You have a somewhat thin skeletal
                  | structure. (Dex +2, Stealth+) [demonic ancestry]
   247 | D:1      | Reached XP level 2. HP: 18/22 MP: 2/2
   499 | D:1      | Gained mutation: Your demonic aura sometimes causes spilled
                  | blood to erupt in flames. [demonic ancestry]
   499 | D:1      | Reached XP level 3. HP: 20/27 MP: 3/3
   987 | D:1      | Got Ohoppun's Disquisition on Earthen Cold
  1201 | D:2      | Reached skill level 4 in Staves
  1313 | D:2      | Reached XP level 4. HP: 21/33 MP: 4/4
  1726 | D:2      | Noticed Jessica
  1740 | D:2      | Killed Jessica
  1741 | D:2      | Reached skill level 5 in Staves
  1877 | D:2      | Reached XP level 5. HP: 20/38 MP: 5/5
  2288 | D:2      | Noticed Robin
  2310 | D:2      | Gained mutation: You have very sharp teeth. [potion of
                  | mutation]
  2310 | D:2      | Gained mutation: You passively dampen the noise of your
                  | surroundings. [potion of mutation]
  2318 | D:2      | Killed Robin
  2458 | D:2      | Found a faded altar of an unknown god.
  3071 | D:3      | Reached skill level 6 in Staves
  3503 | D:3      | Found a runed translucent door.
  3504 | D:3      | Noticed Crazy Yiuf
  3556 | D:3      | Reached XP level 6. HP: 27/44 MP: 6/6
  4135 | D:3      | Identified a potion of resistance
  4137 | D:3      | Slain by Crazy Yiuf

Vanquished Creatures
  An orc priest (D:3)
  Jessica (D:2)
  An iguana (D:3)
  An orc wizard (D:2)
  Robin (D:2)
  4 gnolls (D:2)
  3 adders
  A worm (D:2)
  8 orcs
  10 ball pythons
  8 endoplasms
  2 giant cockroaches
  12 goblins
  5 hobgoblins
  4 jackals (D:1)
  A quokka (D:3)
  5 bats
  4 frilled lizards
  14 kobolds
  7 rats
93 creatures vanquished.

Vanquished Creatures (others)
  4 plants (D:1)
4 creatures vanquished.

Grand Total: 97 creatures vanquished

Table legend: (Time is in decaauts)
 A = Elapsed time spent in this place.
 B = Non-inter-level travel time spent in this place.
 C = Inter-level travel time spent in this place.
 D = Time resting spent in this place.
 E = Time spent auto-exploring this place.
 F = Levels seen in this place.
 G = Mean time per level.
                   A        B        C        D        E       F      G
               +--------+--------+--------+--------+--------+-----+--------+
         Total |   4177 |   4128 |     49 |    745 |   2690 |   3 | 1392.3 |
       Dungeon |   4177 |   4128 |     49 |    745 |   2690 |   3 | 1392.3 |
               +--------+--------+--------+--------+--------+-----+--------+

Top non-repeatable levels by time:
     D:1: 1513 daAuts
     D:3: 1333 daAuts
     D:2: 1330 daAuts

Table legend:
 A = Non-vault XP
 B = Vault XP
 C = Vault XP percentage of total XP
 D = Non-vault monster count
 E = Vault monster count
 F = Vault count percentage of total count
                 A         B        C        D         E       F
            +---------+---------+-------+---------+---------+-------
      Total |     277 |     133 |  32.4 |      71 |      22 |  23.7
            +---------+---------+-------+---------+---------+-------
        D:1 |      45 |       5 |  10.0 |      27 |       4 |  12.9
        D:2 |     163 |      71 |  30.3 |      30 |      12 |  28.6
        D:3 |      69 |      57 |  45.2 |      14 |       6 |  30.0
            +---------+---------+-------+---------+---------+-------
